 Dungeon Crawl Stone Soup version 0.21.1-1-g345015f (webtiles) character file.

802 tidbits the Insei (level 7, 0/53 HPs)
             Began as a Gnoll Transmuter on Mar 14, 2018.
             Was a Follower of Cheibriados.
             Succumbed to poison (a needle trap)
             ... in an ossuary.
             The game lasted 00:11:23 (1095 turns).

tidbits the Insei (Gnoll Transmuter)                Turns: 1095, Time: 00:11:24

Health: 0/53       AC:  2    Str: 15 (16) XL:     7   Next: 90%
Magic:  7/15       EV: 25    Int: 18 (20) God:    Cheibriados [*.....]
Gold:   101        SH:  0    Dex: 21 (23) Spells: 7/17 levels left

rFire    . . .     SeeInvis .     - Unarmed
rCold    . . .     Gourm    .   (shield currently unavailable)
rNeg     . . .     Faith    .   (armour currently unavailable)
rPois    x         Spirit   .   (helmet currently unavailable)
rElec    .         Reflect  .   (cloak currently unavailable)
rCorr    .         Harm     .   (gloves currently unavailable)
MR       .....                  (boots currently unavailable)
Stlth    +++.......             (no amulet)
HPRegen  0.17/turn              Y - +1 ring of slaying
MPRegen  0.14/turn              (no ring)

@: lethally poisoned (0 -> -13), spider-form (expiring), very slow
A: tiny, distributed training, strong nose
a: End Transformation, Bend Time, Renounce Religion


You were in an ossuary.
You worshipped Cheibriados.
Cheibriados was aware of your devotion.
You were not hungry.
You were a venomous arachnid creature.
You visited 2 branches of the dungeon, and saw 9 of its levels.
You also visited: Ossuary.

You collected 101 gold pieces.

Inventory:

Hand Weapons
 f - a +0 dagger
 r - a +0 spear of flaming
   (You found it on level 3 of the Dungeon)
Missiles
 a - 18 arrows
 i - 12 stones (quivered)
 o - 9 bolts
Armour
 b - a +0 pair of gloves
 h - a cursed +0 helmet
 B - a +1 robe (melded)
Magical Staves
 s - an uncursed staff of air {unknown}
   (You found it on level 5 of the Dungeon)
Jewellery
 Y - a +1 ring of slaying (left front leg)
   (You found it on level 2 of the Dungeon)
Wands
 d - a wand of digging (16)
Scrolls
 g - 2 scrolls of blinking
 j - a scroll of identify {unknown}
 k - 2 scrolls of enchant armour
 m - 5 scrolls of teleportation {unknown}
 n - a scroll of enchant weapon {unknown}
 p - 2 scrolls of remove curse {unknown}
Books
 q - a book of Changes

   Spells                             Type                      Level
   a - Beastly Appendage              Transmutation                1
   b - Sticks to Snakes               Transmutation                2
   c - Spider Form                    Transmutation/Poison         3
   d - Ice Form                       Ice/Transmutation            4
   e - Blade Hands                    Transmutation                5
 t - a book of Conjurations
   (You found it on level 3 of the Dungeon)

   Spells                             Type                      Level
   a - Magic Dart                     Conjuration                  1
   b - Searing Ray                    Conjuration                  2
   c - Dazzling Spray                 Conjuration/Hexes            3
   d - Fulminant Prism                Conjuration/Hexes            4
   e - Force Lance                    Conjuration/Translocation    4
   f - Iskenderun's Mystic Blast      Conjuration                  4
Comestibles
 c - 2 rations


   Skills:
 + Level 3.8 Fighting
 + Level 2.7 Short Blades
 + Level 2.7 Long Blades
 + Level 2.7 Axes
 + Level 2.7 Maces & Flails
 + Level 2.7 Polearms
 + Level 2.7 Staves
 + Level 2.7 Slings
 + Level 2.7 Bows
 + Level 2.7 Crossbows
 + Level 2.7 Throwing
 + Level 2.7 Armour
 + Level 5.3 Dodging
 + Level 2.7 Stealth
 + Level 2.7 Shields
 + Level 7.1 Unarmed Combat
 + Level 5.7 Spellcasting
 + Level 2.2 Conjurations
 + Level 2.2 Hexes
 + Level 2.2 Charms
 + Level 2.2 Summonings
 + Level 2.2 Necromancy
 + Level 2.2 Translocations
 + Level 4.4 Transmutations
 + Level 2.2 Fire Magic
 + Level 2.2 Ice Magic
 + Level 2.2 Air Magic
 + Level 2.2 Earth Magic
 + Level 2.2 Poison Magic
 + Level 3.0 Invocations
 + Level 2.7 Evocations


You had 7 spell levels left.
You knew the following spells:

 Your Spells              Type           Power        Failure   Level  Hunger
e - Beastly Appendage     Tmut           ###...       8%          1    None
i - Ice Form              Ice/Tmut       ###.....     52%         4    ####...
k - Sticks to Snakes      Tmut           ###.....     11%         2    None
p - Spider Form           Tmut/Pois      ###.......   24%         3    ##.....


Dungeon Overview and Level Annotations

Branches:
Dungeon (8/15)             Temple (1/1) D:6
   Lair: D:8-11

Altars:
Ashenzari
Cheibriados
Elyvilon
Fedhas
Gozag
Okawaru
Qazlal
Sif Muna
Trog
Vehumet
Wu Jian
The Shining One


Innate Abilities, Weirdness & Mutations

Your experience applies equally to all skills.
((You have very sharp teeth.))
Your uncanny sense of smell can sniff out nearby items.


Message History

The gnoll zombie hits your adder but does no damage.
You catch the helpless gnoll zombie completely off-guard!
You bite the gnoll zombie!
You destroy the gnoll zombie!
Cheibriados appreciates the change of pace.
There is an open door here.
Okay, then.
Drop what? 22/52 slots (_ for help) (? for menu, Esc to quit)
You drop a potion of degeneration.
As you open the door, it creaks loudly!
Unknown command.
You found a needle trap! x2
Your adder withers and dies!
There is an open door here.
Unknown command.
A poisoned needle shoots out and hits you!
You are lethally poisoned!
* * * LOW HITPOINT WARNING * * *
You feel very sick.
There is a needle trap here.
A poisoned needle shoots out and hits you!
You are more poisoned.
* * * LOW HITPOINT WARNING * * *
You feel very sick.
There is a needle trap here.
A poisoned needle shoots out and misses you.
You found a needle trap! x2
Your transformation is almost over.
* * * LOW HITPOINT WARNING * * *
You feel very sick.
There is a needle trap here.
You feel much better.
* * * LOW HITPOINT WARNING * * *
You feel sick.
Unknown command.
You aren't carrying any potions.
Unknown command.
Okay, then.
You open the door. 2 mummies come into view.
* * * LOW HITPOINT WARNING * * *
You feel sick.
Found a gate leading back out of this place.
* * * LOW HITPOINT WARNING * * *
You feel very sick.
There is an open door here.
Unknown command.
The helpless mummy fails to defend itself.
You bite the mummy!
The mummy is heavily damaged.
* * * LOW HITPOINT WARNING * * *
You feel sick. The mummy completely misses you.
You hit the mummy.
The mummy is severely damaged.
* * * LOW HITPOINT WARNING * * *
You feel sick.
You hit the mummy.
The mummy is severely damaged.
* * * LOW HITPOINT WARNING * * *
You feel sick. The mummy closely misses you.
You hit the mummy.
You destroy the mummy!
* * * LOW HITPOINT WARNING * * *
You feel sick.
Your transformation has ended.
Your +1 robe unmelds from your body.
* * * LOW HITPOINT WARNING * * *
You feel sick.
Casting: Spider Form
Confirm with . or Enter, or press ? or * to list all spells.
You turn into a venomous arachnid creature.
Your +1 robe melds into your body.
* * * LOW HITPOINT WARNING * * *
You feel sick.
Unknown command.
You hit the mummy.
The mummy is lightly damaged.
* * * LOW HITPOINT WARNING * * *
You feel sick. The mummy misses you.
You bite the mummy!
The mummy is severely damaged.
* * * LOW HITPOINT WARNING * * *
You feel sick.
You bite the mummy!
You destroy the mummy!
* * * LOW HITPOINT WARNING * * *
You feel sick.
* * * LOW HITPOINT WARNING * * *
You feel sick.
There is a gate leading back out of this place here.
* * * LOW HITPOINT WARNING * * *
You feel sick.
You open the door.
* * * LOW HITPOINT WARNING * * *
You feel sick.
* * * LOW HITPOINT WARNING * * *
You feel sick.
There is an open door here.
Your transformation is almost over.
You die...

######################
#∩..#...#?!??#...#...#
#.^.'.∩.#?)$?'.∩.'^^.#
#^..#...#!!?s#...#^.^#
#..^##############.^.#
#^^^# #.^^# #'###
###'# #...# #...#
#...# #...# #...#
#...# #...# #...#
#'### ###!#


There were no monsters in sight!

Vanquished Creatures
  Prince Ribbit (D:6)
  The ghost of letownia2 the Poker, an amateur MfSk (D:4)
  A sky beast (D:8)
  A water moccasin zombie (Ossuary)
  A crimson imp (D:7)
  An orc priest (D:4)
  2 hounds
  An orc wizard (D:4)
  2 worker ants
  3 big kobold zombies (Ossuary)
  2 mummies (Ossuary)
  A shadow imp (D:8)
  8 adder zombies (Ossuary)
  2 dart slugs
  2 leopard geckos
  An orc (D:4)
  3 giant cockroaches (D:1)
  2 gnoll zombies (Ossuary)
  3 goblins (D:1)
  7 hobgoblins
  2 frilled lizards
  A goblin zombie (D:8)
  2 hobgoblin zombies (Ossuary)
  4 kobold zombies (Ossuary)
  2 orc zombies (Ossuary)
  A quokka zombie (D:8)
  3 rats
60 creatures vanquished.

Vanquished Creatures (collateral kills)
  A big kobold zombie (Ossuary)
  A hobgoblin zombie (Ossuary)
  2 kobold zombies (Ossuary)
4 creatures vanquished.

Grand Total: 64 creatures vanquished

Notes
Turn   | Place    | Note
-------+----------+-------------------------------------------
     0 | D:1      | tidbits the Gnoll Transmuter began the quest for the Orb.
     0 | D:1      | Reached XP level 1. HP: 17/17 MP: 6/6
    34 | D:1      | Reached XP level 2. HP: 22/23 MP: 5/7
    38 | D:1      | Learned a level 2 spell: Sticks to Snakes
   365 | D:3      | Found a shattered altar of Ashenzari.
   373 | D:3      | Reached XP level 3. HP: 28/28 MP: 7/9
   378 | D:3      | Learned a level 3 spell: Spider Form
   415 | D:2      | You fall through a shaft!
   438 | D:3      | Reached skill level 5 in Spellcasting
   474 | D:4      | Reached skill level 1 in Short Blades
   474 | D:4      | Reached skill level 1 in Long Blades
   474 | D:4      | Reached skill level 1 in Axes
   474 | D:4      | Reached skill level 1 in Maces & Flails
   474 | D:4      | Reached skill level 1 in Polearms
   474 | D:4      | Reached skill level 1 in Staves
   474 | D:4      | Reached skill level 1 in Slings
   474 | D:4      | Reached skill level 1 in Bows
   474 | D:4      | Reached skill level 1 in Crossbows
   474 | D:4      | Reached skill level 1 in Throwing
   474 | D:4      | Reached skill level 1 in Armour
   474 | D:4      | Reached skill level 1 in Stealth
   474 | D:4      | Reached skill level 1 in Shields
   474 | D:4      | Reached skill level 1 in Invocations
   474 | D:4      | Reached skill level 1 in Evocations
   474 | D:4      | Reached XP level 4. HP: 27/34 MP: 7/11
   516 | D:4      | Noticed letownia2's ghost (amateur MfSk)
   521 | D:4      | Reached skill level 1 in Conjurations
   521 | D:4      | Reached skill level 1 in Hexes
   521 | D:4      | Reached skill level 1 in Charms
   521 | D:4      | Reached skill level 1 in Summonings
   521 | D:4      | Reached skill level 1 in Necromancy
   521 | D:4      | Reached skill level 1 in Translocations
   521 | D:4      | Reached skill level 1 in Fire Magic
   521 | D:4      | Reached skill level 1 in Ice Magic
   521 | D:4      | Reached skill level 1 in Air Magic
   521 | D:4      | Reached skill level 1 in Earth Magic
   521 | D:4      | Reached skill level 1 in Poison Magic
   545 | D:4      | Killed letownia2's ghost
   545 | D:4      | Reached skill level 3 in Fighting
   545 | D:4      | Reached skill level 4 in Transmutations
   545 | D:4      | Reached XP level 5. HP: 41/41 MP: 1/12
   545 | D:4      | Reached XP level 6. HP: 47/47 MP: 1/13
   590 | D:5      | Entered Level 5 of the Dungeon
   611 | D:6      | Noticed Prince Ribbit
   620 | D:6      | Reached skill level 2 in Invocations
   623 | D:6      | Killed Prince Ribbit
   623 | D:6      | Reached skill level 2 in Short Blades
   623 | D:6      | Reached skill level 2 in Long Blades
   623 | D:6      | Reached skill level 2 in Axes
   623 | D:6      | Reached skill level 2 in Maces & Flails
   623 | D:6      | Reached skill level 2 in Polearms
   623 | D:6      | Reached skill level 2 in Staves
   623 | D:6      | Reached skill level 2 in Slings
   623 | D:6      | Reached skill level 2 in Bows
   623 | D:6      | Reached skill level 2 in Crossbows
   623 | D:6      | Reached skill level 2 in Throwing
   623 | D:6      | Reached skill level 2 in Armour
   623 | D:6      | Reached skill level 5 in Dodging
   623 | D:6      | Reached skill level 2 in Stealth
   623 | D:6      | Reached skill level 2 in Shields
   623 | D:6      | Reached skill level 2 in Evocations
   623 | D:6      | Reached XP level 7. HP: 45/52 MP: 7/15
   711 | D:6      | Found a staircase to the Ecumenical Temple.
   721 | Temple   | Entered the Ecumenical Temple
   744 | Temple   | Became a worshipper of Cheibriados the Contemplative
   799 | D:7      | Reached skill level 7 in Unarmed Combat
   856 | D:8      | Reached skill level 2 in Conjurations
   856 | D:8      | Reached skill level 2 in Hexes
   856 | D:8      | Reached skill level 2 in Charms
   856 | D:8      | Reached skill level 2 in Summonings
   856 | D:8      | Reached skill level 2 in Necromancy
   856 | D:8      | Reached skill level 2 in Translocations
   856 | D:8      | Reached skill level 2 in Fire Magic
   856 | D:8      | Reached skill level 2 in Ice Magic
   856 | D:8      | Reached skill level 2 in Air Magic
   856 | D:8      | Reached skill level 2 in Earth Magic
   856 | D:8      | Reached skill level 2 in Poison Magic
   884 | D:8      | Learned a level 4 spell: Ice Form
   894 | D:8      | Found a sand-covered staircase.
   908 | Ossuary  | Entered an ossuary
   979 | Ossuary  | Reached * piety under Cheibriados
  1054 | Ossuary  | Reached skill level 3 in Invocations
  1091 | Ossuary  | HP: 5/53 [poison (a needle trap)]
  1094 | Ossuary  | HP: 2/53 [poison (a needle trap)]
  1095 | Ossuary  | Succumbed to poison (a needle trap)

Skill      XL: |  1  2  3  4  5  6  7 |
---------------+----------------------+-----
Spellcasting   | 5 |  5.7
Short Blades   | 1 2 |  2.7
Long Blades    | 1 2 |  2.7
Axes           | 1 2 |  2.7
Maces & Flails | 1 2 |  2.7
Polearms       | 1 2 |  2.7
Staves         | 1 2 |  2.7
Slings         | 1 2 |  2.7
Bows           | 1 2 |  2.7
Crossbows      | 1 2 |  2.7
Throwing       | 1 2 |  2.7
Armour         | 1 2 |  2.7
Stealth        | 1 2 |  2.7
Shields        | 1 2 |  2.7
Invocations    | 1 2 3 |  3.0
Evocations     | 1 2 |  2.7
Conjurations   | 1 2 |  2.2
Hexes          | 1 2 |  2.2
Charms         | 1 2 |  2.2
Summonings     | 1 2 |  2.2
Necromancy     | 1 2 |  2.2
Translocations | 1 2 |  2.2
Fire Magic     | 1 2 |  2.2
Ice Magic      | 1 2 |  2.2
Air Magic      | 1 2 |  2.2
Earth Magic    | 1 2 |  2.2
Poison Magic   | 1 2 |  2.2
Fighting       | 3 |  3.8
Transmutations | 4 |  4.4
Dodging        | 5 |  5.3
Unarmed Combat | 7 |  7.1

Action                   |  1- 3 |  4- 6 |  7- 9 || total
-------------------------+-------+-------+-------++-------
Melee: Unarmed           |    55 |    33 |   111 ||   199
       Headbutt          |     7 |       |       ||     7
       Bite              |     3 |       |       ||     3
       Kick              |     2 |       |       ||     2
 Cast: Beastly Appendage |    11 |       |     1 ||    12
       Sticks to Snakes  |     1 |     4 |     6 ||    11
       Spider Form       |     1 |     3 |    11 ||    15
  Use: Potion            |       |     4 |     5 ||     9
       Scroll            |       |     1 |     3 ||     4
 Stab: Sleeping          |     2 |       |     1 ||     3
       Distracted        |       |       |     4 ||     4
  Eat: Ration            |       |       |     1 ||     1
Armor: Robe              |     2 |       |       ||     2
       Skin              |       |     1 |     1 ||     2
Dodge: Dodged            |    29 |    27 |    52 ||   108

Table legend:
 A = Turns spent in this place as a percentage of turns spent in the entire game.
 B = Non-inter-level travel turns spent in this place as a percentage of non-inter-level travel turns spent in the entire game.
 C = Inter-level travel turns spent in this place as a percentage of turns spent in this place.
 D = Turns resting spent in this place as a percentage of non-inter-level travel turns spent in this place.
 E = Turns spent auto-exploring this place as a percentage of non-inter-level travel turns spent in this place.
 F = Non-inter-level travel turns spent in this place divided by the number of levels of this place that you've seen.
                   A       B       C       D       E      F
               +-------+-------+-------+-------+-------+----------------------
         Total | 100.0 | 100.0 |   0.9 |   0.0 |   0.0 | 108.5
       Dungeon |  79.7 |  80.5 |   0.0 |   0.0 |   0.0 | 109.1
        Temple |   3.2 |   2.3 |  28.6 |   0.0 |   0.0 |  25.0
       Ossuary |  17.1 |  17.2 |   0.0 |   0.0 |   0.0 | 187.0
               +-------+-------+-------+-------+-------+----------------------

Table legend:
 A = Kills in this place as a percentage of kills in entire the game.
 B = Kills by you in this place as a percentage of kills by you in the entire game.
 C = Kills by friends in this place as a percentage of kills by friends in the entire game.
 D = Other kills in this place as a percentage of other kills in the entire game.
 E = Experience gained in this place as a percentage of experience gained in the entire game.
 F = Experience gained in this place divided by the number of levels of this place that you have seen.
                   A       B       C       D       E      F
               +-------+-------+-------+-------+-------+----------------------
         Total | 100.0 | 100.0 | 100.0 |   N/A | 100.0 | 114.6
       Dungeon |  56.2 |  60.0 |   0.0 |   N/A |  78.5 | 112.5
       Ossuary |  43.8 |  40.0 | 100.0 |   N/A |  21.5 | 246.0
               +-------+-------+-------+-------+-------+----------------------

Vault maps used:
D:1:      dpeg_arrival_simpleton_c
D:2:      xom_butterflies, first_ration
D:3:      nicolae_overflow_crystal_walls, uniq_terence
D:6:      kiku_gazebo_garden_becter, grunt_temple_overflow_open,
          minmay_temple_entry_overgrown, uniq_prince_ribbit1
D:7:      serial_shops, shop, uniq_joseph
D:8:      kennysheep_blocky_hall, enter_ossuary_4
Temple:   nicolae_temple_great_sept
Ossuary:  ossuary_tomb_2
